 Dungeon Crawl Stone Soup version 0.27.0-1-g7a089689b8 (webtiles) character file.

Game seed: 12208844108171687949

62 spiderkeys the Sneak (level 4, -1/36 HPs)
             Began as a Naga Fire Elementalist on Aug 13, 2021.
             Slain by Sigmund (6 damage)
             ... on level 2 of the Dungeon.
             The game lasted 00:04:03 (1810 turns).

spiderkeys the Sneak (Naga Fire Elementalist)       Turns: 1810, Time: 00:04:04

Health: -1/36      AC:  2    Str: 10    XL:     4   Next: 8%
Magic:  6/7        EV: 14    Int: 17    God:
Gold:   70         SH:  0    Dex: 11    Spells: 6/7 levels left

rFire    . . .     SeeInvis +   f - +0 dagger
rCold    . . .     Faith    .   (no shield)
rNeg     . . .     Spirit   .   a - +0 robe
rPois    +         Reflect  .   (no helmet)
rElec    .         Harm     .   (no cloak)
rCorr    .         Rampage  .   (no gloves)
Will     .....                  (no barding)
Stlth    ++........             (no amulet)
HPRegen  0.12/turn              E - +4 ring of evasion
MPRegen  0.10/turn              (no ring)

@: brilliant, short of breath, very slow
A: AC +1, large, see invisible, deformed body, poison resistance, slowness 2,
spit poison 1, naga tail 1
a: Spit Poison


You were on level 2 of the Dungeon.
You visited 1 branch of the dungeon, and saw 2 of its levels.

You collected 70 gold pieces.


Innate Abilities, Weirdness & Mutations

Your serpentine skin is tough. (AC +1)
You have supernaturally acute eyesight. (SInv)
Armour fits poorly on your strangely shaped body.
Your system is resistant to poisons. (rPois)
You cover ground very slowly.
You can spit poison.
You have a snake-like lower body.


   Skills:
 + Level 2.1 Dodging
 + Level 4.0 Stealth
 + Level 2.4 Spellcasting
 + Level 1.8 Conjurations
 + Level 3.4 Fire Magic


You had 6 spell levels left.
You knew the following spells:

 Your Spells              Type           Power      Damage    Failure   Level
f - Foxfire               Conj/Fire      64%        2x1d7     6%          1

Your spell library contained the following spells:

 Spells                   Type           Power      Damage    Failure   Level
 Conjure Flame            Conj/Fire      16%        6-21      19%         3
 Passwall                 Tmut/Erth      2%         N/A       28%         2
 Inner Flame              Hex/Fire       11%        N/A       28%         3
 Swiftness                Air            3%         N/A       50%         3
 Sticky Flame             Conj/Fire      16%        2d4       52%         4
 Fireball                 Conj/Fire      8%         3d6       86%         5
 Invisibility             Hex            1%         N/A       100%        6

Inventory:

Hand Weapons
 f - a +0 dagger (weapon)
   (You took it off a kobold on level 2 of the Dungeon)
Missiles
 b - 23 bolts
 e - 15 stones
Armour
 a - a +0 robe (worn)
Jewellery
 E - a +4 ring of evasion (left hand)
   (You found it on level 1 of the Dungeon)
 T - an amulet of faith {!P}
   (You found it on level 1 of the Dungeon)
Potions
 d - a potion of lignification {unknown}
 h - a potion of mutation {unknown}
 j - a potion of curing {unknown}

Dungeon Overview and Level Annotations

Branches:
Dungeon (2/15)

Altars:

Annotations:
D:2 Sigmund

***###*......#...#*,####
#*,,,..'@,........#*,#...
*#.#####..,,.......+,,#.##
**.#.....#.######...####.#.
**,.≈.....≈#............#.#.
**,*≈.≈...≈≈)#...######.##.#.
*,*,.≈.≈≈≈.S@.#..# #.##.#.
*,*,..≈.≈≈≈≈≈≈#..# #.##.#.
*,*,...≈._≈.@....# #.##...
*,*,..≈.≈≈≈≈≈≈#.## #......
*,*,.≈.≈≈≈)≈..#.# #####.#
**,*≈.≈...≈≈.#.## #.#
**,.≈.....≈#.## #..
**.#.....#.#* ### **.#####,#*
**,,,,,** *******


You could see Sigmund and a ball python.


Message History

Casting: Foxfire (safe; 6% risk of failure)
Confirm with . or Enter, or press ? or * to list all spells.
You conjure some foxfire! 😎 MP[-1]
You lost 1 mp, and now have 5/7 mp.
The foxfire hits the endoplasm.
The endoplasm quivers.
The foxfire hits the endoplasm but does no damage.
Casting: Foxfire (safe; 6% risk of failure)
Confirm with . or Enter, or press ? or * to list all spells.
You conjure some foxfire! 😎 MP[-1]
You lost 1 mp, and now have 4/7 mp.
An endoplasm is nearby!
Casting: Foxfire (safe; 6% risk of failure)
Confirm with . or Enter, or press ? or * to list all spells.
You conjure some foxfire!
The foxfire hits the endoplasm.
You kill the endoplasm! 😎 MP[-1]
You lost 1 mp, and now have 3/7 mp.
You now have 70 gold pieces (gained 11).
Key pressed, stopping explore.
j - a gluggy blue potion 😎 MP[+4]
Your mp is fully restored (7).
Found a faded altar of an unknown god.
A kobold comes into view. It is wielding a +0 whip.
Casting: Foxfire (safe; 6% risk of failure)
Confirm with . or Enter, or press ? or * to list all spells.
You conjure some foxfire! 😎 MP[-1]
You lost 1 mp, and now have 6/7 mp.
The foxfire hits the kobold.
You kill the kobold!
Your Stealth skill increases to level 4!
A kobold comes into view. It is wielding a +0 club.
The kobold shouts!
You hear a bark! 😎 MP[+1]
Your mp is fully restored (7).
Casting: Foxfire (safe; 6% risk of failure)
Confirm with . or Enter, or press ? or * to list all spells.
You conjure some foxfire!
The foxfire hits the kobold. 😎 MP[-1]
You lost 1 mp, and now have 6/7 mp.
You closely miss the kobold.
The foxfire hits the kobold.
You kill the kobold!
No target in view!
e - 15 stones (gained 1)
Things that are here:
a +0 club; a kobold corpse 😎 MP[+1]
Your mp is fully restored (7).
You enter the shallow water.
Moving in this stuff is going to be slow.
Sigmund the Dreaded comes into view.
He is wielding a +0 scythe.
Sigmund shouts!
You hear a bark! x2
Sigmund points at you and mumbles some strange words.
The puff of flame hits you!
Sigmund moves out of view. 😕 HP[-8]
You take 8 damage, and now have 28/36 hp.
MASSIVE DAMAGE!! (PAUSE)
Casting: Foxfire (safe; 6% risk of failure)
Confirm with . or Enter, or press ? or * to list all spells.
You conjure some foxfire! 😕 MP[-1]
You lost 1 mp, and now have 6/7 mp.
Press: ? - help, Shift-Dir - straight line, f - Sigmund
Aim: Sigmund, wielding a +0 scythe and wearing a +0 robe (ally target)
The splash of poison misses Sigmund.
The foxfire hits Sigmund.
The foxfire hits Sigmund but does no damage.
Sigmund gestures at you while chanting. The puff of flame hits you!
* * * LOW HITPOINT WARNING * * *
😨 HP[-13]
You take 13 damage, and now have 15/36 hp.
MASSIVE DAMAGE!! (PAUSE)
You aren't carrying any items that you can evoke.
Unknown command.
As you read the scroll labelled XESEIPN FOMAMINIA, it crumbles to dust.
Your body is wracked with pain!
* * * LOW HITPOINT WARNING * * *
Sigmund convulses!
It was a scroll of torment. 😱 HP[-6]
You take 6 damage, and now have 9/36 hp.
Okay, then.
As you read the scroll labelled ESOWIPS NAFUM ZOEM, it crumbles to dust.
You feel aware of your surroundings.
You sensed 1 altar.
It was a scroll of magic mapping.
A ball python comes into view.
Sigmund hits you from afar with a +0 scythe.
* * * LOW HITPOINT WARNING * * *
😱 HP[-4]
You take 4 damage, and now have 5/36 hp.
You aren't carrying any scrolls.
Okay, then.
It was a potion of brilliance.
You feel clever all of a sudden.
The ball python hisses angrily.
Sigmund hits you from afar with a +0 scythe.
You die...

Skill      XL: |  1  2  3  4 |
---------------+-------------+-----
Dodging        | 2 |  2.1
Stealth        | 4 |  4.0
Spellcasting   | |  2.4
Conjurations   | |  1.8
Fire Magic     | |  3.4

Action                   |  1- 3 |  4- 6 || total
-------------------------+-------+-------++-------
Melee: Unarmed           |    26 |       ||    26
       Dagger            |    24 |     1 ||    25
 Cast: Foxfire           |    37 |     7 ||    44
 Abil: Spit Poison       |    15 |     1 ||    16
  Use: Scroll            |       |     2 ||     2
       Potion            |       |     1 ||     1
 Stab: Sleeping          |     1 |       ||     1
Armor: Robe              |    10 |       ||    10
Dodge: Dodged            |    53 |       ||    53

Levels and vault maps discovered:
D:1:      evilmike_arrival_hilbert_curve, layout_basic
D:2:      layout_basic, basic_altar, shapermc_ecumenical_altar_starsandcircs,
          uniq_sigmund

Notes
Turn   | Place    | Note
-------+----------+-------------------------------------------
     0 | D:1      | spiderkeys the Naga Fire Elementalist began the quest for
                  | the Orb.
     0 | D:1      | Reached XP level 1. HP: 15/15 MP: 3/3
     0 | D:1      | magus.rc [v1.9.10]
   201 | D:1      | HP: 3/15 [quokka (1)]
   453 | D:1      | Reached XP level 2. HP: 14/22 MP: 0/5
   987 | D:1      | You pick up a book of Burglary and begin reading...
   987 | D:1      | You add the spells Passwall, Swiftness and Invisibility to
                  | your library.
  1174 | D:2      | Reached XP level 3. HP: 28/28 MP: 4/6
  1310 | D:2      | Reached skill level 2 in Dodging
  1628 | D:2      | Reached XP level 4. HP: 36/36 MP: 2/7
  1777 | D:2      | Found a faded altar of an unknown god.
  1781 | D:2      | Reached skill level 4 in Stealth
  1804 | D:2      | Noticed Sigmund
  1808 | D:2      | HP: 9/36 [/a scroll of torment (6)]
  1810 | D:2      | Slain by Sigmund

Vanquished Creatures
  2 adders (D:2)
  2 worms (D:2)
  2 dart slugs (D:1)
  4 ball pythons
  An endoplasm (D:2)
  6 giant cockroaches
  3 goblins
  2 quokkas
  3 bats
  2 frilled lizards (D:1)
  3 kobolds (D:2)
  6 rats
36 creatures vanquished.

Vanquished Creatures (others)
  66 foxfires
66 creatures vanquished.

Grand Total: 102 creatures vanquished

Table legend:
 A = Non-vault XP
 B = Vault XP
 C = Vault XP percentage of total XP
 D = Non-vault monster count
 E = Vault monster count
 F = Vault count percentage of total count
                 A         B        C        D         E       F
            +---------+---------+-------+---------+---------+-------
      Total |      89 |       0 |   0.0 |      36 |       0 |   0.0
            +---------+---------+-------+---------+---------+-------
        D:1 |      32 |       0 |   0.0 |      17 |       0 |   0.0
        D:2 |      57 |       0 |   0.0 |      19 |       0 |   0.0
            +---------+---------+-------+---------+---------+-------

Illustrated notes

Table legend:
 A = Kills in this place as a percentage of kills in entire the game.
 B = Kills by you in this place as a percentage of kills by you in the entire game.
 C = Kills by friends in this place as a percentage of kills by friends in the entire game.
 D = Other kills in this place as a percentage of other kills in the entire game.
 E = Experience gained in this place as a percentage of experience gained in the entire game.
 F = Experience gained in this place divided by the number of levels of this place that you have seen.
                   A       B       C       D       E      F
               +-------+-------+-------+-------+-------+----------------------
         Total | 100.0 | 100.0 |   N/A |   N/A | 100.0 |  44.5
       Dungeon | 100.0 | 100.0 |   N/A |   N/A | 100.0 |  44.5
               +-------+-------+-------+-------+-------+----------------------

Table legend: (Time is in decaauts)
 A = Elapsed time spent in this place.
 B = Non-inter-level travel time spent in this place.
 C = Inter-level travel time spent in this place.
 D = Time resting spent in this place.
 E = Time spent auto-exploring this place.
 F = Levels seen in this place.
 G = Mean time per level.
                   A        B        C        D        E       F      G
               +--------+--------+--------+--------+--------+-----+--------+
         Total |   2098 |   2068 |     30 |     17 |   1747 |   2 | 1049.0 |
       Dungeon |   2098 |   2068 |     30 |     17 |   1747 |   2 | 1049.0 |
               +--------+--------+--------+--------+--------+-----+--------+

Top non-repeatable levels by time:
     D:1: 1394 daAuts
     D:2: 703 daAuts
